 Dungeon Crawl Stone Soup version 0.19.5 (webtiles) character file.

79 Ponchio the Magician (level 4, 0/24 HPs)
             Began as a Deep Elf Conjurer on Mar 24, 2017.
             Slain by a gnoll
             ... wielding a +0 spear
              (8 damage)
             ... on level 2 of the Dungeon.
             The game lasted 00:04:17 (1888 turns).

Ponchio the Magician (Deep Elf Conjurer)            Turns: 1888, Time: 00:04:18

Health: 0/24       AC:  2    Str:  5    XL:     4   Next: 16%
Magic:  4/14       EV: 13    Int: 21    God:
Gold:   75         SH:  0    Dex: 15    Spells: 2 memorised, 11 levels left

rFire  . . .     SeeInvis .     d - +0 dagger
rCold  . . .     Gourm    .     a - +0 robe
rNeg   . . .     Faith    .     (no shield)
rPois  .         Spirit   .     (no helmet)
rElec  .         Reflect  .     (no cloak)
rCorr  .         Harm     .     (no gloves)
MR     .....                    (no boots)
Stlth  ++........               (no amulet)
                                (no ring)
                                (no ring)

@: no status effects
A: no striking features
a: no special abilities


You were on level 2 of the Dungeon.
You were not hungry.

You visited 1 branch of the dungeon, and saw 2 of its levels.

You collected 75 gold pieces.

Inventory:

Hand Weapons
 d - a +0 dagger (weapon)
Armour
 a - a +0 robe (worn)
Scrolls
 e - 2 scrolls of teleportation {unknown}
 g - 3 scrolls of identify {unknown}
 h - a scroll of random uselessness {unknown}
 i - a scroll of enchant weapon {unknown}
 l - a scroll of recharging {unknown}
 m - a scroll of blinking {unknown}
Potions
 f - a potion of agility {unknown}
Books
 b - a book of Conjurations

   Spells                             Type                      Level
   a - Magic Dart                     Conjuration                  1
   b - Searing Ray                    Conjuration                  2
   c - Dazzling Spray                 Conjuration/Hexes            3
   d - Fulminant Prism                Conjuration/Hexes            4
   e - Iskenderun's Mystic Blast      Conjuration                  4
   f - Iskenderun's Battlesphere      Conjuration/Charms           5
Comestibles
 c - 2 bread rations
 j - a meat ration
 k - a chunk of flesh


   Skills:
 - Level 2.4 Dodging
 - Level 2.4 Stealth
 + Level 6.1 Spellcasting
 - Level 4.3 Conjurations


You had 11 spell levels left.
You knew the following spells:

 Your Spells              Type           Power        Failure   Level  Hunger
a - Magic Dart            Conj           ###.         1%          1    None
b - Dazzling Spray        Conj/Hex       ###...       14%         3    ##.....


Dungeon Overview and Level Annotations

Branches:
Dungeon (2/15)

Altars:
The Shining One


Message History

The gnoll is severely wounded.
The gnoll hits you with a club!
The gnoll hits you from afar with a spear.
Casting: Magic Dart
Confirm with . or Enter, or press ? or * to list all spells.
Aiming: Magic Dart
Press: ? - help, Shift-Dir - straight line, f - gnoll, p - gnoll
Aim: a gnoll, wielding a club (severely wounded)
The magic dart hits the gnoll.
The gnoll is severely wounded.
The gnoll hits you with a club. The gnoll misses you.
Casting: Magic Dart
Confirm with . or Enter, or press ? or * to list all spells.
Aiming: Magic Dart
Press: ? - help, Shift-Dir - straight line, f/p - gnoll
Aim: a gnoll, wielding a club (severely wounded)
The magic dart hits the gnoll.
The gnoll is severely wounded.
The gnoll hits you from afar with a spear!
You die...

##################
.................#
################@#
# #g# #


hg. # #g#.# # .h .. . ..# ##. ## .. . . ..# # # You could see 3 gnolls and 2
jackals.

Vanquished Creatures
  A gnoll (D:2)
  2 adders (D:2)
  An ooze (D:1)
  4 dart slugs
  A leopard gecko (D:1)
  2 giant cockroaches (D:1)
  2 goblins (D:1)
  2 hobgoblins (D:1)
  A jackal (D:2)
  9 kobolds
  A quokka (D:2)
  8 bats (D:1)
  2 frilled lizards (D:1)
  2 rats
38 creatures vanquished.

Notes
Turn   | Place    | Note
-------+----------+-------------------------------------------
     0 | D:1      | Ponchio the Deep Elf Conjurer began the quest for the Orb.
     0 | D:1      | Reached XP level 1. HP: 10/10 MP: 6/6
   272 | D:1      | Reached XP level 2. HP: 15/15 MP: 5/8
   288 | D:1      | Reached skill level 4 in Spellcasting
   515 | D:1      | Found a glowing golden altar of the Shining One.
   570 | D:1      | Reached skill level 5 in Spellcasting
   570 | D:1      | Reached XP level 3. HP: 19/19 MP: 3/11
   575 | D:1      | Learned a level 3 spell: Dazzling Spray
  1142 | D:1      | Found a glowing golden altar of the Shining One.
  1802 | D:2      | Reached XP level 4. HP: 24/24 MP: 11/13
  1884 | D:2      | Reached skill level 6 in Spellcasting
  1888 | D:2      | Slain by a gnoll

Skill      XL: |  1  2  3  4 |
---------------+-------------+-----
Spellcasting   | 5 6 |  6.1
Dodging        | |  2.4
Stealth        | |  2.4
Conjurations   | |  4.3

Action                   |  1- 3 |  4- 6 || total
-------------------------+-------+-------++-------
Melee: Dagger            |     6 |       ||     6
 Cast: Magic Dart        |    71 |    11 ||    82
  Eat: Pizza             |     1 |       ||     1
       Chunk             |     1 |       ||     1
Armor: Robe              |     3 |       ||     3
Dodge: Dodged            |     8 |     2 ||    10
